 Dungeon Crawl Stone Soup version 0.26-a0-812-g31a745ddcd (webtiles) character file.

Game seed: 4486537184608012109

9007 sanka the Spry (level 11, 0/56 HPs)
             Began as a Spriggan Delver on Nov 22, 2020.
             Was a High Priest of Ru.
             Slain by an orc warrior
             ... wielding a +0 halberd
              (18 damage)
             ... in a bailey.
             The game lasted 00:26:07 (13331 turns).

sanka the Spry (Spriggan Delver)                   Turns: 13331, Time: 00:26:08

Health: 0/56       AC:  7    Str:  8    XL:     11   Next: 17%
Magic:  12/12      EV: 34    Int: 12    God:    Ru [*****.]
Gold:   753        SH:  0    Dex: 21    Spells: 10/10 levels left

rFire    . . .     SeeInvis +   a - +2 dagger (venom)
rCold    . . .     Faith    .   (shield unavailable)
rNeg     . . .     Spirit   .   q - +0 robe
rPois    .         Reflect  .   u - +1 hat
rElec    .         Harm     .   (no cloak)
rCorr    .         Rampage  .   (gloves unavailable)
MR       +....                  (boots unavailable)
Stlth    +++++.....             (no amulet)
HPRegen  0.18/turn              (ring unavailable)
MPRegen  0.13/turn              K - +4 ring of protection

@: very quick
A: very small, unfitting armour, see invisible, speed 3, missing a hand, hated
by all, missing an eye
a: Draw Out Power, Power Leap, Apocalypse, Renounce Religion


You were in a bailey.
You worshipped Ru.
Ru was extremely pleased with you.
You visited 1 branch of the dungeon, and saw 11 of its levels.
You also visited: Bailey.

You collected 753 gold pieces.


Innate Abilities, Weirdness & Mutations

You are very small and have problems with some larger weapons.
You are too small for most types of armour.
You have supernaturally acute eyesight. (SInv)
You cover ground extremely quickly.
You are missing a hand.
You are hated by all.
You are missing an eye, making it more difficult to aim.


   Skills:
 + Level 6.2 Fighting
 - Level 10.0 Short Blades
 + Level 16.9 Dodging
 - Level 10.0 Stealth


You had 10 spell levels left.
You didn't know any spells.
Your spell library contained the following spells:

 Spells                   Type           Power        Failure   Level
 Apportation              Tloc           #.....       32%         1
 Beastly Appendage        Tmut           #.....       32%         1
 Corona                   Hex            #......      32%         1
 Sandblast                Erth           #.....       32%         1
 Passwall                 Tmut/Erth      #.......     45%         2
 Wereblood                Tmut           #.......     45%         2
 Spider Form              Tmut/Pois      #.........   69%         3
 Stone Arrow              Conj/Erth      #.....       69%         3
 Ice Form                 Ice/Tmut       #.......     97%         4
 Petrify                  Tmut/Erth      #.......     97%         4
 Blade Hands              Tmut           #.........   100%        5
 Lee's Rapid Deconstruct  Erth           #.........   100%        5
 Animate Skeleton         Necr           Unusable     N/A         1
 Summon Small Mammal      Summ           Unusable     N/A         1

Inventory:

Hand Weapons
 a - a +2 dagger of venom (weapon)
 b - a +4 dagger
 D - the +1 dagger "Qaxod" {vorpal, rN+ Str+5}

   It inflicts extra damage upon your enemies.
   It affects your strength (+5).
   It protects you from negative energy.
Missiles
 k - 33 poisoned darts (quivered)
 L - a throwing net {=f}
 N - 6 curare-tipped darts {=f}
Armour
 q - a +0 robe (worn)
 u - a +1 hat (worn)
Jewellery
 y - an uncursed ring of resist corrosion
 I - an uncursed ring of protection from cold
 K - a +4 ring of protection (right hand)
Wands
 g - a wand of digging (3)
 v - a wand of disintegration (14)
 F - a wand of random effects (26)
 G - a wand of polymorph (15)
Scrolls
 c - 2 scrolls of fog
 d - 5 scrolls of magic mapping
 e - a scroll of fear
 j - 9 scrolls of identify {unknown}
 l - 4 scrolls of amnesia {unknown}
 n - 4 scrolls of teleportation {unknown}
 p - 9 scrolls of remove curse {unknown}
 r - 4 scrolls of immolation {unknown}
 s - 3 scrolls of enchant weapon {unknown}
 C - 2 scrolls of random uselessness {unknown}
 E - a scroll of brand weapon {unknown}
 M - a scroll of acquirement {unknown}
Potions
 f - 2 potions of haste {@q3}
 h - 2 potions of magic {unknown}
 i - a potion of mutation {unknown}
 m - 2 potions of flight {unknown}
 o - 2 potions of might {unknown}
 t - 5 potions of curing {unknown}
 w - a potion of attraction {unknown}
 x - 4 potions of heal wounds {unknown}
 z - a potion of invisibility {unknown}
 A - 2 potions of brilliance {unknown}
 H - a potion of degeneration {unknown}
 J - a potion of ambrosia {unknown}

Dungeon Overview and Level Annotations

Branches:
Dungeon (11/15)            Temple (0/1) D:5             Orc (0/2) D:10
 Bailey (1/1)
   Lair: D:8-11

Altars:
Okawaru
Ru
Xom

Shops:
D:6

[ ▒▒▒▒▒▒▒
▒▒.)∩..▒▒
▒).)....▒
▒∩.)).o∩▒
▒))).ooi▒
▒...)o..▒
▒.......▒
▒.......▒
▒.......▒
▒.......▒
▒.......▒
▒.......▒
▒▒.))..▒▒


You could see 2 orc warriors and 2 orcs.


Message History

You miss the orc.
The orc is moderately wounded.
You closely miss the orc.
The orc is moderately wounded.
The orc warrior closely misses you. The orc completely misses you.
You hit the orc.
The orc is poisoned.
The orc is moderately wounded.
The orc warrior curses to no one in particular.
You barely miss the orc.
The orc is heavily wounded.
You hit the orc.
The orc is severely wounded.
The orc completely misses you. The orc completely misses you.
You hit the orc.
The orc looks as sick as possible!
The orc is almost dead.
You kill the orc!
The orc warrior misses you.
Things that are here:
a +0 trident; a cursed +0 chain mail; an orc skeleton The orc completely misses you.
The orc warrior closely misses you.
There is a gate leading back out of this place here.
The orc warrior hits you with a +0 glaive!
* * * LOW HITPOINT WARNING * * *
The orc warrior hits you from afar with a +0 halberd!!
You die...

Action                   |  1- 3 |  4- 6 |  7- 9 | 10-12 || total
-------------------------+-------+-------+-------+-------++-------
Melee: Short sword       |     3 |     7 |       |       ||    10
       Dagger            |       |   183 |   616 |   737 ||  1536
       Unarmed           |       |       |     1 |       ||     1
Throw: Dart              |       |    11 |       |       ||    11
Invok: Sacrifice Love    |       |     1 |       |       ||     1
       Sacrifice an Eye  |       |       |     1 |       ||     1
       Apocalypse        |       |       |       |     1 ||     1
       Sacrifice a Hand  |       |       |       |     1 ||     1
Evoke: Wand              |       |       |     8 |     3 ||    11
 Stab: Sleeping          |     3 |    32 |    22 |     4 ||    61
       Paralysed         |       |     1 |       |     1 ||     2
       Distracted        |       |       |     2 |     3 ||     5
       Invisible         |       |       |       |     1 ||     1
Armor: Robe              |       |     9 |    24 |    27 ||    60
Dodge: Dodged            |       |   119 |   414 |   547 ||  1080

Levels and vault maps discovered:
D:1:      scummos_arrival_simple_fountains, layout_basic
D:2:      layout_rooms, chequers_big_river, nicolae_ru_great_annihilating_truth
D:3:      layout_rooms
D:4:      layout_loops_ring, minmay_box_of_dots
D:5:      layout_basic, minmay_temple_entry_large_hall,
          okawaru_altar_gauntlet_db
D:6:      layout_basic, serial_shops, kennysheep_little_box,
          serial_co_window_serial, co_window_paths_b, co_window_paths_a,
          co_window_cross_1, co_window_corner_a, co_window_paths_b,
          co_window_corner_a, co_window_of_opportunity_a, co_window_corner_b,
          co_window_cross_2, co_window_corner_b, co_window_2corner,
          co_window_of_opportunity_b, co_window_2corner, glass_columns_a,
          glass_columns_a, glass_columns_a, glass_columns_b, uniq_sigmund
D:7:      layout_loops_ring, xom_butterflies
D:8:      layout_rooms, uniq_grum
D:9:      layout_gridville, hangedman_fish_farm
D:10:     cheibrodos_barr_body, layout_loops_ring, zombieorc2_lemuel, uniq_urug,
          uniq_sonja
D:11:     layout_grid_maze, dpeg_oklobed_lair, enter_bailey_6
Bailey:   bailey_polearm_5, bailey

Notes
Turn   | Place    | Note
-------+----------+-------------------------------------------
     0 | D:5      | sanka the Spriggan Delver began the quest for the Orb.
     0 | D:5      | Reached XP level 1. HP: 11/11 MP: 2/2
    20 | D:5      | Noticed a worker ant
    40 | D:5      | Killed a worker ant
    40 | D:5      | Reached skill level 8 in Stealth
    40 | D:5      | Reached XP level 2. HP: 16/16 MP: 3/3
   163 | D:4      | Reached XP level 3. HP: 19/19 MP: 4/4
   183 | D:4      | Noticed a scorpion
   189 | D:4      | Killed a scorpion
   189 | D:4      | Reached skill level 9 in Stealth
   189 | D:4      | Reached XP level 4. HP: 23/23 MP: 5/5
   783 | D:1      | Reached skill level 3 in Short Blades
  1972 | D:2      | Reached XP level 5. HP: 27/27 MP: 6/6
  2604 | D:2      | Found a sacrificial altar of Ru.
  2610 | D:2      | Became a worshipper of Ru the Awakened
  3312 | D:4      | Reached skill level 4 in Dodging
  3312 | D:4      | Reached skill level 10 in Stealth
  3316 | D:4      | Reached skill level 3 in Fighting
  3316 | D:4      | Reached XP level 6. HP: 32/32 MP: 7/7
  3597 | D:4      | Reached skill level 4 in Short Blades
  3811 | D:5      | Found a staircase to the Ecumenical Temple.
  3827 | D:5      | Noticed an ice beast
  3832 | D:5      | Killed an ice beast
  3832 | D:5      | Reached skill level 5 in Dodging
  3969 | D:5      | Gained mutation: You are hated by all. [Ru sacrifice]
  3969 | D:5      | Reached * piety under Ru
  4370 | D:5      | Found an iron altar of Okawaru.
  4579 | D:6      | Noticed Sigmund
  4594 | D:6      | Killed Sigmund
  4594 | D:6      | Reached skill level 5 in Short Blades
  4594 | D:6      | Reached skill level 6 in Dodging
  4594 | D:6      | Reached XP level 7. HP: 36/36 MP: 8/8
  4609 | D:6      | Reached skill level 7 in Dodging
  4984 | D:6      | Reached skill level 6 in Short Blades
  5627 | D:6      | Found Muymatt's Armour Shop.
  5662 | D:6      | Got a shimmering dagger
  5663 | D:6      | Identified the +1 dagger "Qaxod" {vorpal, rN+ Str+5} (You
                  | found it on level 6 of the Dungeon)
  5673 | D:6      | Reached skill level 8 in Dodging
  5790 | D:7      | Reached XP level 8. HP: 40/40 MP: 9/9
  6299 | D:7      | Reached skill level 7 in Short Blades
  6383 | D:7      | Reached skill level 9 in Dodging
  6678 | D:7      | Found a shimmering altar of Xom.
  7013 | D:7      | Reached skill level 8 in Short Blades
  7013 | D:7      | Reached skill level 10 in Dodging
  7531 | D:8      | Noticed Grum
  7556 | D:8      | Reached XP level 9. HP: 44/44 MP: 10/10
  7669 | D:8      | Killed Grum
  7669 | D:8      | Reached skill level 11 in Dodging
  7862 | D:8      | Gained mutation: You are missing an eye, making it more
                  | difficult to aim. [Ru sacrifice]
  7862 | D:8      | Reached ** piety under Ru
  7890 | D:8      | Reached skill level 9 in Short Blades
  8418 | D:9      | Noticed a merfolk
  8423 | D:9      | Killed a merfolk
  8474 | D:9      | Reached skill level 12 in Dodging
  8568 | D:9      | Reached skill level 10 in Short Blades
  8750 | D:9      | Reached skill level 13 in Dodging
  9001 | D:9      | Noticed a troll
  9234 | D:9      | Killed a troll
  9619 | D:10     | Entered Level 10 of the Dungeon
  9620 | D:10     | Reached skill level 14 in Dodging
  9739 | D:10     | Reached XP level 10. HP: 31/49 MP: 11/11
  9854 | D:10     | Found a staircase to the Orcish Mines.
  9854 | D:10     | Noticed an orc sorcerer
 10406 | D:9      | Killed an orc sorcerer
 10741 | D:10     | Reached skill level 15 in Dodging
 11131 | D:10     | Gained mutation: You are missing a hand. [Ru sacrifice]
 11131 | D:10     | Reached *** piety under Ru
 11131 | D:10     | Reached **** piety under Ru
 11131 | D:10     | Reached ***** piety under Ru
 11188 | D:10     | Noticed Sonja
 11212 | D:10     | Noticed Sonja
 11212 | D:10     | Sonja changed into Sonja the unseen horror
 11233 | D:10     | Killed Sonja the unseen horror
 11233 | D:10     | Reached skill level 4 in Fighting
 11418 | D:10     | Noticed a two-headed ogre
 11452 | D:10     | Killed a two-headed ogre
 11452 | D:10     | Reached skill level 5 in Fighting
 11452 | D:10     | Reached skill level 16 in Dodging
 12035 | D:10     | Noticed Urug
 12059 | D:10     | HP: 5/51 [Urug/+0 glaive of protection (18)]
 12061 | D:10     | Killed Urug
 12477 | D:10     | Reached XP level 11. HP: 53/56 MP: 12/12
 12577 | D:10     | Noticed a two-headed ogre
 12619 | D:10     | Killed a two-headed ogre
 12619 | D:10     | Reached skill level 6 in Fighting
 12930 | D:11     | Found a flagged portal.
 12939 | Bailey   | Entered a bailey
 13331 | Bailey   | Slain by an orc warrior

Vanquished Creatures
  A two-headed ogre (D:10)
  Urug (D:10)
  An unseen horror (D:10)
  An orc sorcerer (D:9)
  A troll (D:9)
  A merfolk (D:9)
  Sigmund (D:6)
  3 yaks (D:10)
  A wyvern (D:9)
  Grum (D:8)
  A two-headed ogre zombie (D:10)
  A sky beast (D:9)
  8 orc warriors
  A black bear (D:7)
  3 ice beasts
  A hornet zombie (D:10)
  3 phantoms
  2 wolves (D:8)
  3 ogres
  A centaur (D:7)
  A big kobold (D:9)
  A bullfrog (D:7)
  A wyvern skeleton (D:6)
  3 scorpions
  3 troll zombies (D:10)
  A killer bee (D:10)
  5 wights (D:9)
  2 howler monkeys
  4 centaur zombies
  A quasit (D:10)
  4 orc priests
  A jelly (D:9)
  3 bullfrog skeletons
  2 hounds
  10 orc wizards
  2 iguanas
  11 worker ants
  2 killer bee zombies
  4 ogre zombies (D:10)
  A hound skeleton (D:9)
  12 adders
  3 gnolls (D:2)
  4 shadow imps
  3 white imps
  An ufetubus (D:6)
  A worm (D:2)
  2 dart slugs (D:1)
  A leopard gecko (D:8)
  43 orcs
  5 giant cockroaches
  13 goblins
  4 hobgoblins
  13 kobolds
  3 quokkas
  7 bats
  3 frilled lizards
  2 goblin skeletons (D:10)
  A goblin zombie (D:10)
  A hobgoblin skeleton (D:10)
  4 hobgoblin zombies (D:10)
  A jackal zombie (D:6)
  3 orc skeletons (D:10)
  13 orc zombies (D:10)
  5 rats
  A butterfly (D:7)
247 creatures vanquished.

Vanquished Creatures (others)
  A two-headed ogre (D:10)
  A troll (D:10)
  An orc (D:10)
  A goblin skeleton (D:10)
  2 kobolds (D:9)
6 creatures vanquished.

Grand Total: 253 creatures vanquished
